 Dungeon Crawl Stone Soup version 0.19.0-9-gfd783f2 (webtiles) character file.

270 kae the Cudgeler (level 6, -2/47 HPs)
             Began as a Formicid Fighter on Nov 7, 2016.
             Slain by Menkaure (10 damage)
             ... on level 4 of the Dungeon.
             The game lasted 00:04:35 (3492 turns).

kae the Cudgeler (Formicid Fighter)                 Turns: 3492, Time: 00:04:35

Health: -2/47      AC:  7    Str: 22    XL:     6   Next: 46%
Magic:  6/6        EV:  8    Int:  5    God:
Gold:   126        SH:  9    Dex: 10    Spells: 0 memorised, 5 levels left

rFire  . . .     SeeInvis +     a - +0 flail
rCold  . . .     Gourm    .     b - +1 scale mail
rNeg   . . .     Faith    .     c - +0 shield
rPois  +         Spirit   .     (helmet unavailable)
rElec  .         Reflect  .     (no cloak)
rCorr  .         Harm     .     (no gloves)
MR     .....                    (no boots)
Stlth  ..........               e - amulet of regeneration
                                w - ring of poison resistance
                                u - -3 ring of intelligence (curse)

@: no status effects
A: permanent stasis, dig shafts and tunnels, four strong arms, antennae 3
a: Dig, Shaft Self


You were on level 4 of the Dungeon.
You were not hungry.

You visited 1 branch of the dungeon, and saw 4 of its levels.

You collected 126 gold pieces.

Inventory:

Hand Weapons
 a - a +0 flail (weapon)
Armour
 b - a +1 scale mail (worn)
 c - a +0 shield (worn)
Jewellery
 e - an amulet of regeneration (around neck)
 j - an uncursed ring of resist corrosion
 u - a cursed -3 ring of intelligence (left hand)
 w - a ring of poison resistance (right hand)
Scrolls
 g - a scroll of magic mapping {unknown}
 k - a scroll of fog
 p - a scroll of enchant armour
 x - a scroll of enchant weapon {unknown}
 y - 3 scrolls of remove curse {unknown}
 z - a scroll of blinking {unknown}
Potions
 d - a potion of flight {unknown}
 h - a potion of cure mutation {unknown}
 m - 2 potions of curing
 n - a potion of brilliance {unknown}
 q - a potion of resistance {unknown}
 r - a potion of agility {unknown}
 s - a potion of heal wounds {unknown}
 t - a potion of lignification {unknown}
 v - a potion of berserk rage
 A - a potion of invisibility {unknown}
 B - 2 potions of haste {unknown}
Comestibles
 f - 3 bread rations
 i - 2 meat rations
 l - 5 fruits
 o - a slice of pizza
 C - a royal jelly


   Skills:
 - Level 3.2 Fighting
 + Level 6.3 Maces & Flails
 - Level 3.2 Armour
 - Level 3.6 Shields


You had 5 spell levels left.
You didn't know any spells.

Dungeon Overview and Level Annotations

Branches:
Dungeon (4/15)
 Temple: D:4-7

Altars:
Elyvilon
Sif Muna

Annotations:
D:4 Eustachio, Menkaure, Robin


Innate Abilities, Weirdness & Mutations

You are under a permanent stasis effect.
You can dig through walls and to a lower floor.
Your four strong arms can wield two-handed weapons with a shield.
You have a pair of large antennae on your head. (SInv)


Message History

You completely miss Menkaure.
Menkaure is lightly damaged.
Menkaure calls on the powers of darkness!
Your body is wracked with pain!
You are too injured to fight recklessly!
You are too injured to fight recklessly!
You are too injured to fight recklessly!
You hit Menkaure.
Menkaure is moderately damaged.
Menkaure whispers, "Let me perform the rites..."
You block Menkaure's attack.
You hit Menkaure.
Menkaure is severely damaged.
Menkaure mumbles some strange words.
Menkaure hits you!!
* * * LOW HITPOINT WARNING * * *
You hit Menkaure but do no damage.
Menkaure is severely damaged.
Menkaure hits you!
You die...

..................#
#...##....(.
...>.....!....#####
#..###....#.
...?...........## ##..#
#######
#......<....#...#
#..########
#.#####..)....#.##
#...#.....#
#########..###.#.......#
##...#.###.....###
####...###.....#.. .##
#@#.#..........#.. ..#
##M##..###.....#.. #.#
####.## #.....#.. #.#
#..####........ #.#
#.###...####... #.#
#.###.#.# ##... #.#####
#.#...#.###..#. #.....#
#.#.###..##..._ .####.#
##...# ##.#..##.


You could see Menkaure.

Vanquished Creatures
  A scorpion (D:4)
  Ijyb (D:2)
  2 worker ants (D:4)
  5 adders
  An adder skeleton (D:4)
  4 worms
  3 dart slugs
  A leopard gecko (D:3)
  2 orcs (D:3)
  7 bats
  4 giant cockroaches
  9 goblins
  9 hobgoblins
  8 jackals
  A ball python skeleton (D:4)
  A frilled lizard (D:1)
  9 kobolds
  9 rats
77 creatures vanquished.

Notes
Turn   | Place    | Note
-------+----------+-------------------------------------------
     0 | D:1      | kae the Formicid Fighter began the quest for the Orb.
     0 | D:1      | Reached XP level 1. HP: 18/18 MP: 1/1
   157 | D:1      | Reached XP level 2. HP: 23/24 MP: 2/2
   271 | D:1      | Reached skill level 3 in Maces & Flails
   314 | D:1      | Reached XP level 3. HP: 23/29 MP: 3/3
  1013 | D:2      | Reached skill level 4 in Maces & Flails
  1013 | D:2      | Reached XP level 4. HP: 27/35 MP: 4/4
  1518 | D:2      | Noticed Ijyb
  1529 | D:2      | Killed Ijyb
  1531 | D:2      | Reached XP level 5. HP: 23/41 MP: 5/5
  1710 | D:2      | Found a faded altar of an unknown god.
  1971 | D:3      | Reached skill level 5 in Maces & Flails
  2413 | D:3      | Found a white marble altar of Elyvilon.
  2637 | D:4      | Noticed an ogre
  2641 | D:4      | Noticed Robin
  2721 | D:4      | Reached XP level 6. HP: 36/47 MP: 6/6
  2774 | D:4      | Noticed Menkaure
  2788 | D:4      | Noticed a phantom
  3040 | D:4      | Reached skill level 6 in Maces & Flails
  3399 | D:4      | Found a deep blue altar of Sif Muna.
  3474 | D:4      | Noticed Eustachio
  3492 | D:4      | Slain by Menkaure

Skill      XL: |  1  2  3  4  5  6 |
---------------+-------------------+-----
Maces & Flails | 3 4 5 6 |  6.3
Fighting       | |  3.2
Armour         | |  3.2
Shields        | |  3.6

Action                   |  1- 3 |  4- 6 || total
-------------------------+-------+-------++-------
Melee: Flail             |   107 |   233 ||   340
 Abil: Dig               |       |     2 ||     2
  Use: Potion            |       |     1 ||     1
       Scroll            |       |     7 ||     7
  Eat: Chunk             |       |     9 ||     9
Armor: Scale mail        |    71 |   100 ||   171
Dodge: Dodged            |    39 |    77 ||   116
Block: Shield            |    66 |   142 ||   208
